 Dungeon Crawl Stone Soup version 0.18-a0-1243-g9e52518 (webtiles) character file.

10444 namelastname112 the Basher (level 11, 19/97 HPs)
             Began as a Green Draconian Gladiator on Feb 5, 2016.
             Was an Initiate of Gozag.
             Quit the game on level 11 of the Dungeon.
             The game lasted 00:22:56 (11086 turns).

namelastname112 the Basher (DrGl)                  Turns: 11086, Time: 00:22:56

Health: 19/97      AC: 15    Str: 19    XL:     11   Next: 36%
Magic:  11/11      EV: 16    Int: 13    God:    Gozag
Gold:   604        SH:  0    Dex: 14    Spells: 0 memorised, 10 levels left

rFire  + . .     SeeInvis .     L - +3 morningstar (protect)
rCold  . . .     Gourm    .     (armour unavailable)
rNeg   . . .     Faith    .     (no shield)
rPois  +         Spirit   .     b - +1 hat
rElec  .         Dismiss  .     (no cloak)
rCorr  .         Reflect  .     l - +1 pair of gloves
SustAt .         Harm     .     (no boots)
MR     .....                    j - amulet of magic regeneration
Stlth  +.........               s - ring of protection from fire
                                k - +5 ring of intelligence

@: short of breath, gold aura, not resistant to hostile enchantments, very
unstealthy
A: breathe noxious fumes, unfitting armour, poison resistance, cold-blooded, AC
+7
a: Breathe Noxious Fumes, Potion Petition, Call Merchant, Bribe Branch, Renounce
Religion


You were on level 11 of the Dungeon.
You worshipped Gozag.
Gozag was noncommittal.
You were not hungry.

You visited 2 branches of the dungeon, and saw 12 of its levels.

You collected 1523 gold pieces.
You spent 104 gold pieces at shops.
You paid 815 gold pieces to Gozag.

Inventory:

Hand Weapons
 x - a +0 blowgun
 L - a +3 morningstar of protection (weapon)
Missiles
 c - 4 throwing nets (quivered)
 w - 12 curare-tipped needles
Armour
 b - a +1 hat (worn)
 l - a +1 pair of gloves (worn)
Jewellery
 j - an amulet of magic regeneration (around neck)
 k - a +5 ring of intelligence (left hand)
 s - a ring of protection from fire (right hand)
 G - an uncursed ring of ice
Wands
 p - a wand of polymorph (17/24)
 v - a wand of slowing (31/48)
 D - a wand of random effects (22/48)
Scrolls
 e - 5 scrolls of identify
 h - 3 scrolls of enchant armour
 y - a scroll of teleportation
 E - 3 scrolls of recharging
 J - a scroll of remove curse
 K - a scroll of torment {unknown}
Potions
 g - 2 potions of agility {unknown}
 i - a potion of haste
 m - a potion of cure mutation
 o - a potion of lignification {unknown}
 q - a potion of poison
 r - a potion of ambrosia
 t - a potion of berserk rage
 u - a potion of cancellation
 z - 3 potions of curing
 B - a potion of flight
 C - a potion of brilliance
 F - a potion of heal wounds
Books
 n - a book of Unlife

   Spells                             Type                      Level
   a - Recall                         Summoning/Translocation      3
   b - Animate Dead                   Necromancy                   4
   c - Control Undead                 Necromancy                   4
   d - Cigotuvi's Embrace             Necromancy                   5
   e - Death Channel                  Necromancy                   6
   f - Simulacrum                     Ice/Necromancy               6
 I - a book of the Dragon

   Spells                             Type                      Level
   a - Flame Tongue                   Conjuration/Fire             1
   b - Cause Fear                     Hexes                        4
   c - Bolt of Fire                   Conjuration/Fire             6
   d - Dragon Form                    Transmutation                7
   e - Dragon's Call                  Summoning                    9
Comestibles
 d - 10 bread rations
 f - 5 meat rations


   Skills:
 + Level 9.3 Fighting
 * Level 11.6 Maces & Flails
 + Level 7.6 Throwing
 + Level 7.9 Dodging


You had 10 spell levels left.
You didn't know any spells.

Dungeon Overview and Level Annotations

Branches:
Dungeon (11/15)            Temple (1/1) D:4            Lair (0/8) D:10
    Orc: D:9-12

Altars:
Ashenzari
Cheibriados
Dithmenos
Elyvilon
Fedhas
Gozag
Kikubaaqudgha
Makhleb
Nemelex Xobeh
Okawaru
Pakellas
Qazlal
Ru
Sif Muna
Trog
Vehumet
Xom
Yredelemnul
Zin
The Shining One

Shops:
D:5 =(   D:9 (   D:11 (

Annotations:
D:10 exclusion: oklob plant


Innate Abilities, Weirdness & Mutations

You can breathe blasts of noxious fumes.
Your lurid green scales are hard (AC +7).
Your body does not fit into most forms of armour.
Your system is resistant to poisons.
You are cold-blooded and may be slowed by cold attacks.


Message History

You kill the troll!
The hill giant is engulfed in noxious fumes.
The hill giant closely misses you.
The orc priest invokes the aid of Beogh against you.
Something smites you!
* * * LOW HITPOINT WARNING * * *
The orc is distracted by the nearby gold.
Okay, then.
You have got your breath back.
Press: ? - help, Shift-Dir - straight line, f - hill giant
Aim: a hill giant, wielding a giant club You exhale a blast of noxious fumes.
The blast of choking fumes hits the hill giant.
The hill giant is lightly wounded.
You feel somewhat more hungry.
The hill giant is engulfed in noxious fumes.
The hill giant appears confused.
Are you sure you want to abandon this character and quit the game? (Confirm with "yes".)
Okay, then.
Are you sure you want to abandon this character and quit the game? (Confirm with "yes".)

## #..# .## #.##
..# ##.# ..## #..#
...# ###.## ...##
###.o..##
#...####...#...##
#...#...######C.##
......### ##§@###
...#### ##.§.##
..## ###..# .##
##..# .# #..# ##
##.# # # # #


You could see a hill giant (confused) and an orc priest.

Vanquished Creatures
  Josephine (D:10)
  2 hill giants (D:10)
  2 ugly things
  Joseph (D:8)
  4 trolls
  The ghost of Lathuz the Destroyer, an amateur DECj of Vehumet (D:3)
  5 wraiths
  Eustachio (D:4)
  2 hippogriffs
  Menkaure (D:7)
  2 orc warriors (D:10)
  An ice beast (D:11)
  7 ogres
  2 phantoms
  7 centaurs
  A crocodile (D:11)
  16 big kobolds (D:10)
  Blork the orc (D:4)
  A wyvern zombie (D:9)
  9 giant frogs
  6 scorpions
  A water moccasin skeleton (D:8)
  4 jellies
  4 spriggan skeletons (D:9)
  2 wights (D:9)
  2 crimson imps
  A troll skeleton (D:9)
  4 hounds
  2 centaur zombies
  2 centaur skeletons (D:9)
  3 orc priests
  A giant frog skeleton (D:5)
  Natasha (thrice) (D:2)
  4 iguanas
  5 orc wizards
  7 worker ants
  2 killer bee zombies
  A mummy (D:9)
  A hound zombie (D:5)
  4 worker ant zombies
  5 gnolls
  11 adders
  2 oozes
  4 adder skeletons
  6 worms
  6 giant geckos
  38 orcs
  3 giant cockroaches
  9 goblins
  12 hobgoblins
  9 jackals
  22 kobolds
  4 quokkas
  A ball python (D:4)
  9 bats
  A giant gecko skeleton (D:6)
  6 giant newts
  2 quokka skeletons
  7 rats
283 creatures vanquished.

Vanquished Creatures (others)
  A human (D:5)
1 creature vanquished.

Grand Total: 284 creatures vanquished

Notes
Turn   | Place    | Note
--------------------------------------------------------------
     0 | D:1      | namelastname112 the Draconian Gladiator began the quest for the Orb.
     0 | D:1      | Reached XP level 1. HP: 17/17 MP: 1/1
    78 | D:1      | Reached XP level 2. HP: 22/25 MP: 2/2
   324 | D:1      | Found an iron altar of Okawaru.
   420 | D:1      | Reached XP level 3. HP: 16/30 MP: 3/3
   663 | D:2      | Noticed Natasha
   687 | D:2      | Killed Natasha
   760 | D:2      | Reached XP level 4. HP: 33/38 MP: 4/4
   764 | D:2      | Reached skill level 4 in Maces & Flails
  1155 | D:2      | Noticed Natasha
  1161 | D:2      | Killed Natasha
  1323 | D:2      | Noticed Natasha
  1330 | D:2      | Killed Natasha
  1330 | D:2      | Reached XP level 5. HP: 29/45 MP: 5/5
  1433 | D:3      | Noticed Lathuz's ghost (amateur DECj)
  1463 | D:3      | Killed Lathuz's ghost
  1463 | D:3      | Reached skill level 5 in Maces & Flails
  1463 | D:3      | Reached XP level 6. HP: 23/52 MP: 6/6
  1652 | D:3      | Found a glowing golden altar of the Shining One.
  1798 | D:3      | Found a sacrificial altar of Ru.
  1802 | D:3      | Found an ancient bone altar of Kikubaaqudgha.
  2038 | D:4      | Noticed Blork the orc
  2059 | D:4      | Killed Blork the orc
  2102 | D:4      | Found a staircase to the Ecumenical Temple.
  2134 | Temple   | Entered the Ecumenical Temple
  2424 | D:4      | Reached XP level 7. HP: 29/60 MP: 7/7
  2424 | D:4      | Your scales start taking on a lurid green colour.
  2424 | D:4      | Gained mutation: Your system is resistant to poisons. [Green Draconian growth]
  2525 | D:4      | Noticed Eustachio
  2662 | D:4      | Killed Eustachio
  2662 | D:4      | Reached skill level 6 in Maces & Flails
  2729 | D:4      | Found a glowing drain.
  3470 | D:5      | Entered Level 5 of the Dungeon
  3519 | D:5      | Reached skill level 5 in Fighting
  3604 | D:5      | Found an ancient bone altar of Kikubaaqudgha.
  3615 | D:5      | Reached XP level 8. HP: 57/68 MP: 8/8
  3646 | D:5      | Found Uxuacwat's Jewellery Shop.
  3680 | D:5      | Got a shimmering trident
  3681 | D:5      | Identified the +2 trident of Iryriun {freeze, Str+3} (You found it on level 5 of the Dungeon)
  3996 | D:5      | Reached skill level 7 in Maces & Flails
  4035 | D:5      | Found Wadaon's Weapon Shoppe.
  4134 | D:6      | Reached skill level 5 in Dodging
  5000 | D:6      | Reached skill level 5 in Throwing
  5041 | D:6      | Found a sparkling altar of Nemelex Xobeh.
  5079 | D:6      | Found a snail-covered altar of Cheibriados.
  5091 | D:6      | Found a bloodstained altar of Trog.
  5140 | D:6      | Found an opulent altar of Gozag.
  5144 | D:6      | Became a worshipper of Gozag Ym Sagoz the Greedy
  5358 | D:7      | Reached XP level 9. HP: 72/75 MP: 9/9
  5400 | D:7      | Reached skill level 8 in Maces & Flails
  5695 | D:7      | Noticed Menkaure
  5720 | D:7      | Killed Menkaure
  6206 | D:8      | Noticed Joseph
  6265 | D:8      | Killed Joseph
  7440 | D:9      | Reached skill level 9 in Maces & Flails
  7822 | D:9      | Found a shimmering altar of Xom.
  8036 | D:9      | Reached XP level 10. HP: 51/86 MP: 10/10
  8218 | D:9      | Noticed a cyan ugly thing
  8253 | D:9      | Killed a cyan ugly thing
  8666 | D:10     | Entered Level 10 of the Dungeon
  8706 | D:10     | Reached skill level 10 in Maces & Flails
  8826 | D:10     | Noticed a hill giant
  8841 | D:10     | Killed a hill giant
  8921 | D:10     | Found a shimmering altar of Xom.
  8961 | D:10     | Found a staircase to the Lair.
  8964 | D:10     | Noticed an oklob plant
  9008 | D:10     | Noticed a hill giant
  9017 | D:10     | Killed a hill giant
  9210 | D:10     | Noticed Josephine
  9246 | D:10     | Killed Josephine
  9246 | D:10     | Reached skill level 11 in Maces & Flails
  9558 | D:9      | Bought a runed morningstar for 104 gold pieces
  9600 | D:10     | Reached XP level 11. HP: 60/95 MP: 11/11
 10519 | D:11     | Noticed a brown ugly thing
 10556 | D:11     | Killed a brown ugly thing
 10953 | D:11     | Found Vywobb's Weapon Shoppe.
 11034 | D:11     | Noticed a hill giant
 11086 | D:11     | Quit the game

Vault maps used:
D:1:      scummos_arrival_star, minmay_misc_feat_columns, st_stairs_14,
          serial_park_tiny_2, serial_bayou_pond_c, okawaru_ov_weapons_minmay
D:2:      uniq_natasha
D:3:      nicolae_overflow_crystal_walls, minitemple
D:4:      temple_pool_b, portal_sewer_entry_f, minmay_misc_feat_enclosed,
          uniq_blork_the_orc, uniq_eustachio
D:5:      serial_shops, shop, nicolae_shop_window_shopping, first_bread,
          tgw_kikubaaqudgha
D:6:      nicolae_overflow_quartered_altars
D:7:      uniq_menkaure
D:8:      uniq_joseph
D:9:      xom_teletrap_fun, serial_undead, serial_undead_d, serial_undead_c,
          serial_undead_b, serial_undead_d, hangedman_tell_no_tales
D:10:     dpeg_oklobed_lair, basic_altar, uniq_josephine
D:11:     serial_shops, kennysheep_little_box, kennysheep_opposing_triangles
Temple:   circular_temple_12

Action                   |  1- 3 |  4- 6 |  7- 9 | 10-12 || total
-------------------------+-------+-------+-------+-------++-------
Melee: Flail             |   107 |   181 |   554 |   210 ||  1052
       Trident           |       |       |     4 |       ||     4
       Morningstar       |       |       |       |   147 ||   147
Throw: Throwing net      |       |       |     1 |       ||     1
Invok: Call Merchant     |       |       |       |     1 ||     1
 Abil: Breathe Noxious F |       |       |    10 |    13 ||    23
Evoke: Wand              |       |     1 |     1 |       ||     2
  Use: Potion            |       |     1 |     3 |     1 ||     5
       Scroll            |       |       |    16 |     3 ||    19
 Stab: Sleeping          |     2 |     1 |     3 |       ||     6
       Confused          |       |       |    10 |    16 ||    26
       Distracted        |       |       |     1 |       ||     1
  Eat: Chunk             |       |     4 |     6 |       ||    10
       Bread ration      |       |     1 |       |       ||     1
       Beef jerky        |       |       |     2 |     1 ||     3
       Pizza             |       |       |     1 |     1 ||     2
       Fruit             |       |       |     8 |       ||     8
       Royal jelly       |       |       |     4 |       ||     4
       Meat ration       |       |       |       |     1 ||     1
